 Dungeon Crawl Stone Soup version 0.21.1 (webtiles) character file.

72 Dargar the Sneak (level 4, -5/30 HPs)
             Began as an Octopode Assassin on Feb 5, 2018.
             Slain by a gnoll (8 damage)
             ... on level 1 of the Dungeon.
             The game lasted 00:04:27 (1475 turns).

Dargar the Sneak (Octopode Assassin)                Turns: 1475, Time: 00:04:27

Health: -5/30      AC:  1    Str: 10    XL:     4   Next: 25%
Magic:  4/4        EV: 13    Int: 13    God:
Gold:   101        SH:  0    Dex: 14    Spells: 3/3 levels left

rFire    . . .     SeeInvis .   i - +2 dagger (drain)
rCold    . . .     Gourm    .   (no shield)
rNeg     . . .     Faith    .   (helmet restricted)
rPois    .         Spirit   .   (no amulet)
rElec    .         Reflect  .   (no ring)
rCorr    .         Harm     .   (no ring)
MR       .....                  (no ring)
Stlth    +++++.....             (no ring)
HPRegen  0.10/turn              (no ring)
MPRegen  0.09/turn              (no ring)
                                (no ring)
                                (no ring)

@: no status effects
A: almost no armour, stealthy swim, amphibious, 8 rings, constrict 8, camouflage
1, gelatinous body 1
a: no special abilities


You were on level 1 of the Dungeon.
You were not hungry.

You visited 1 branch of the dungeon, and saw 2 of its levels.

You collected 101 gold pieces.

Inventory:

Hand Weapons
 a - a +2 dagger
 b - a +0 blowgun
 i - a +2 dagger of draining (weapon)
Missiles
 c - 8 poisoned needles
 d - 2 curare-tipped needles
Scrolls
 h - 2 scrolls of teleportation {unknown}
 j - 2 scrolls of identify {unknown}
 k - a scroll of remove curse {unknown}
 l - a scroll of enchant weapon {unknown}
Potions
 e - a potion of might {unknown}
Comestibles
 f - 4 rations
 g - 2 chunks of flesh


   Skills:
 + Level 2.3 Fighting
 + Level 2.2 Short Blades
 + Level 2.2 Throwing
 + Level 1.1 Dodging
 + Level 7.2 Stealth


You had 3 spell levels left.
You didn't know any spells.

Dungeon Overview and Level Annotations

Branches:
Dungeon (2/15)

Altars:


Innate Abilities, Weirdness & Mutations

You cannot wear most types of armour.
You are very stealthy in the water. (Stealth+)
You are amphibious.
You can wear up to eight rings at the same time.
You can use your tentacles to constrict eight enemies at once.
Your skin changes colour to match your surroundings (Stealth+).
Your rubbery body absorbs attacks. (AC +1, EV +1)


Message History

The gnoll hits you! The gnoll misses you.
There is a stone staircase leading up here.
The gnoll misses you. x2; The gnoll hits you.
The gnoll closely misses you.
You climb upwards.
There is a stone staircase leading down here.
The gnoll barely misses you. The gnoll hits you with a spear.
* * * LOW HITPOINT WARNING * * *
The gnoll barely misses you. The gnoll misses you. The gnoll misses you.
You hit the gnoll. You grab the gnoll.
The gnoll is moderately wounded.
You constrict the gnoll. The gnoll closely misses you.
You release your grip on the gnoll.
The gnoll hits you.
* * * LOW HITPOINT WARNING * * *
You closely miss the gnoll. You grab the gnoll. You squeeze the gnoll!
The gnoll is heavily wounded.
You constrict the gnoll. The gnoll hits you!
You die...

##...## ##.####...
#..## #.###.... #..#
#........
####..#######.#......
#.......ggg.....#....
#.#.g.######..#.....#
#.#..## #........#
#.#gg#######.##......
#.#.@#...............
#.#..#.#####.##.#.##.
#.#..#.# #.##.#.##.
#.#..#.# #.##.#.##.
#.#..#.#####.##.#.###
#.#..........##.#.###
#.#.(######(.........
#.............)......
###..######.#.###.###


You could see 3 gnolls.

Vanquished Creatures
  2 adders (D:2)
  A shadow imp (D:2)
  2 oozes
  A worm (D:2)
  A leopard gecko (D:1)
  2 giant cockroaches (D:2)
  4 goblins (D:1)
  5 hobgoblins
  8 kobolds
  A quokka (D:2)
  A ball python (D:1)
  4 bats
  3 rats
35 creatures vanquished.

Notes
Turn   | Place    | Note
-------+----------+-------------------------------------------
     0 | D:1      | Dargar the Octopode Assassin began the quest for the Orb.
     0 | D:1      | Reached XP level 1. HP: 14/14 MP: 1/1
   174 | D:1      | Reached skill level 6 in Stealth
   174 | D:1      | Reached XP level 2. HP: 19/19 MP: 2/2
   823 | D:2      | Reached XP level 3. HP: 24/24 MP: 3/3
   869 | D:2      | Reached skill level 7 in Stealth
   946 | D:2      | Reached XP level 4. HP: 5/29 MP: 4/4
  1475 | D:1      | Slain by a gnoll

Skill      XL: |  1  2  3 |
---------------+----------+-----
Stealth        | 6 7 |  7.2
Fighting       | |  2.3
Short Blades   | |  2.2
Throwing       | |  2.2
Dodging        | |  1.1

Action                   |  1- 3 |  4- 6 || total
-------------------------+-------+-------++-------
Melee: Dagger            |    44 |    15 ||    59
       Constrict         |    12 |     5 ||    17
       Tentacles         |     6 |     2 ||     8
  Use: Potion            |     1 |       ||     1
 Stab: Sleeping          |    10 |     2 ||    12
  Eat: Chunk             |       |     2 ||     2
Armor: Skin              |     2 |     1 ||     3
Dodge: Dodged            |    26 |    23 ||    49
